AoeStats
← CrazyBen

African Clearing

506446897Analyzed
4v4 RM · 19d ago on Sep 13, 2026· 40m 6s· 8 players
Game mode
Random Map
Map size
Large (8 player)
Population
200
Speed
Normal
Resources
Standard
Victory
Conquest
Starting age
Dark Age
Ending age
Imperial Age
RankedLock teamsTeams togetherTeam positionsShared explorationLock speedFull tech treeHidden civsTurbo modeCheats
Victory
Defeat
🇧🇪 Huns · Belgium
1597
+12
🇸🇻 Romans · El Salvador
1575
+13
🇫🇷 Slavs · France
1432
+19
🇨🇱 Berbers · Chile
1431
+19
🇸🇻 Magyars · El Salvador
1558
-18
🇫🇷 Burgundians · France
1512
-16
🇩🇪 Bohemians · Germany
1497
-16
🇩🇪 Britons · Germany
1443
-13
CrazyBen
6:34 Double-Bit Axe
9:03 Wheelbarrow
12:07 Feudal Age
10:23 Loom
11:56 Horse Collar
14:38 Bow Saw
20:15 Hand Cart
22:50 Castle Age
21:25 Gold Mining
22:58 Heavy Plow
24:51 Two-Man Saw
23:18 Cavalier
25:01 Husbandry
25:25 Scale Barding Armor
28:48 Chain Barding Armor
31:36 Forging
37:05 Iron Casting
39:12 Imperial Age
36:30 Town Watch
41:07 Plate Barding Armor
eraycoskun33
5:29 Loom
13:13 Feudal Age
14:07 Double-Bit Axe
15:47 Fletching
18:08 Wheelbarrow
22:44 Castle Age
24:02 Bow Saw
28:55 Horse Collar
37:03 Imperial Age
35:22 Hand Cart
34:52 Town Watch
35:23 Gold Mining
37:25 Ballistics
argh
9:45 Loom
12:07 Feudal Age
15:38 Castle Age
15:54 Double-Bit Axe
16:37 Horse Collar
17:09 Double-Bit Axe
18:37 Bow Saw
20:44 Wheelbarrow
21:59 Town Watch
23:23 Chemistry
23:34 Padded Archer Armor
25:51 Fervor
26:13 Town Watch
31:29 Imperial Age
31:56 Leather Archer Armor
33:32 Ring Archer Armor
33:45 Town Patrol
34:56 Sanctity
35:23 Hand Cart
38:34 Scale Mail Armor
38:45 Forging
37:56 Pikeman
38:36 Squires
39:11 Conscription
39:34 Chain Mail Armor
38:48 Halberdier
RohanAoE
5:23 Loom
11:39 Feudal Age
22:38 Castle Age
21:06 Fletching
21:17 Padded Archer Armor
21:09 Double-Bit Axe
22:26 Bloodlines
23:26 Bodkin Arrow
27:44 Wheelbarrow
28:37 Leather Archer Armor
33:22 Ballistics
35:21 Thumb Ring
36:43 Hand Cart
36:27 Horse Collar
39:03 Husbandry
40:14 Murder Holes
Wizo
3:00 Loom
14:08 Feudal Age
15:40 Double-Bit Axe
18:04 Castle Age
15:48 Horse Collar
19:19 Bow Saw
19:09 Heavy Plow
25:49 Wheelbarrow
27:11 Hand Cart
31:52 Imperial Age
29:25 Scale Mail Armor
29:32 Scale Barding Armor
29:27 Town Watch
29:36 Gold Mining
31:05 Forging
31:40 Chain Barding Armor
32:42 Iron Casting
33:36 Plate Barding Armor
33:24 Conscription
34:20 Two-Man Saw
33:50 Crop Rotation
33:12 Stone Mining
36:05 Blast Furnace
34:52 Elite Boyar
39:07 Coinage
40:32 Fletching
bullseyes
13:43 Feudal Age
17:39 Castle Age
16:35 Double-Bit Axe
17:25 Fletching
19:03 Bow Saw
25:13 Horse Collar
25:31 Gold Mining
26:21 Wheelbarrow
26:25 Gold Mining
27:10 Bodkin Arrow
27:35 Loom
27:36 Town Watch
28:39 Heavy Plow
28:40 Stone Mining
29:42 Gold Shaft Mining
30:18 Hand Cart
30:50 Ballistics
34:51 Imperial Age
32:54 Bloodlines
32:44 Husbandry
33:37 Thumb Ring
34:04 Padded Archer Armor
35:02 Heavy Cavalry Archer
36:45 Chemistry
35:47 Bracer
36:02 Leather Archer Armor
40:20 Two-Man Saw
39:47 Leather Archer Armor
jouĸɘʀ
12:06 Feudal Age
10:50 Loom
16:27 Castle Age
14:58 Double-Bit Axe
17:24 Bow Saw
23:43 Horse Collar
24:39 Wheelbarrow
31:13 Hand Cart
35:15 Imperial Age
32:48 Gold Mining
34:36 Bloodlines
34:26 Husbandry
34:48 Scale Barding Armor
34:54 Forging
36:00 Gold Shaft Mining
35:17 Stone Mining
36:04 Heavy Plow
36:28 Chain Barding Armor
36:20 Heavy Scorpion
37:29 Conscription
37:56 Conscription
38:28 Crop Rotation
37:50 Elite Centurion
40:33 Plate Barding Armor
Hennessy
3:54 Loom
13:01 Feudal Age
16:51 Castle Age
15:05 Double-Bit Axe
15:30 Horse Collar
18:34 Town Watch
22:38 Horse Collar
23:55 Forging
24:51 Scale Barding Armor
25:30 Bloodlines
26:34 Chain Barding Armor
27:17 Husbandry
28:26 Wheelbarrow
30:34 Fletching
35:26 Bow Saw
37:20 Town Patrol
40:29 Hand Cart
Connection lost

Rejoining the realm…

Still unreachable

The connection could not be restored.

Session expired

The server has moved on; the page needs a fresh start.